 Dungeon Crawl Stone Soup version 0.30.0-29-ga12c61a403 (webtiles) character file.

Game seed: 15850947039851385272

357 Dadbod the Sneak (level 6, -2/53 HPs)
             Began as an Armataur Brigand on June 22, 2023.
             Was a Believer of Jiyva.
             Slain by Pikel
             ... wielding a +2 whip of electrocution
              (7 damage)
             ... on level 4 of the Dungeon.
             The game lasted 00:08:09 (2337 turns).

Dadbod the Sneak (Armataur Brigand)                 Turns: 2337, Time: 00:08:10

Health: -2/53      AC:  6    Str: 16      XL:     6   Next: 36%
Magic:  6/6        EV: 10    Int: 12      God:    Jiyva [**....]
Gold:   120        SH:  5    Dex: 14 (15) Spells: 5/5 levels left

rFire   . . .        a - +2 dagger
rCold   . . .        (no shield)
rNeg    . . .        t - +1 robe {Will+}
rPois   .            (no helmet)
rElec   .            c - +0 cloak
rCorr   +            (no gloves)
SInv    .            (no barding)
Will    +....        q - amulet of reflection
Stlth   ++++         (no ring)
HPRegen 1.24/turn    (no ring)
MPRegen 0.40/turn

%: reflection, roll
@: unable to read
A: large, rugged brown scales 3, deformed body, armoured tail, roll, long
tongue, awkward tongue, hooves 1, stinger 1, thin skeletal structure 1,
deterioration 1, no potion heal 1, inability to read after injury 1, MP-powered
wands
a: Renounce Religion


You were on level 4 of the Dungeon.
You worshipped Jiyva.
Jiyva was pleased with you.
You visited 1 branch of the dungeon, and saw 4 of its levels.

You collected 120 gold pieces.

Inventory:

Hand Weapons
 a - a +2 dagger (weapon)
 w - a +4 hand axe
Missiles
 d - 18 poisoned darts
 l - 2 atropa-tipped darts
 u - a curare-tipped dart (quivered)
Armour
 b - a +0 robe
 c - a +0 cloak (worn)
 t - a +1 robe of willpower (worn)
Jewellery
 q - an amulet of reflection (around neck)
Wands
 h - a wand of mindburst (4)
Scrolls
 f - 2 scrolls of identify {unknown}
 g - a scroll of brand weapon {unknown}
 i - 2 scrolls of magic mapping {unknown}
 j - a scroll of amnesia {unknown}
 k - a scroll of immolation
 m - a scroll of silence {unknown}
 n - a scroll of fog {unknown}
 o - a scroll of fear {unknown}
 r - a scroll of vulnerability {unknown}
 s - a scroll of enchant armour {unknown}
 v - 3 scrolls of teleportation {unknown}
Potions
 e - a potion of cancellation
 p - a potion of degeneration {unknown}


   Skills:
 + Level 2.7 Fighting
 * Level 3.3 Short Blades
 + Level 2.0 Throwing
 * Level 1.9 Dodging
 + Level 6.4 Stealth
 + Level 0.4 Shields
 * Level 1.3 Evocations


You had 5 spell levels left.
You didn't know any spells.
Your spell library contained the following spells:

 Spells                   Type           Power      Damage    Failure   Level
 Ozocubu's Armour         Ice            0%         N/A       69%         3
 Olgreb's Toxic Radiance  Pois           0%         N/A       97%         4
 Ozocubu's Refrigeration  Ice            0%         4d7       100%        7
 Discord                  Hex            0%         N/A       100%        8
 Ignition                 Fire           0%         3d3       100%        8


Dungeon Overview and Level Annotations

Branches:
Dungeon (4/15)
 Temple: D:4-7

Altars:
Jiyva

Annotations:
D:4 Pikel


Innate Abilities, Weirdness & Mutations

You are completely covered in rugged brown scales. (AC +3, +7% HP)
Armour fits poorly on your strangely shaped body.
You have a long armoured tail.
You roll when moving toward enemies. (Rampage)
Your long tongue fully drains potion bottles. (2x potion effects)
Your tongue gives you trouble enunciating. (1.5x scroll delay)
You have large cloven feet.
Your tail ends in a venomous barb.
You have a somewhat thin skeletal structure. (Dex +2, Stealth+)
Your body sometimes deteriorates upon taking damage.
Potions are less effective at restoring your health.
You occasionally lose the ability to read scrolls when taking damage.
You expend magic power (3 MP) to strengthen your wands.


Message History

The lemure attacks as you move away! The lemure hits you but does no damage.
You hear a distant slurping noise.
Pikel barely misses you.
You hear a distant slurping noise.
Pikel attacks as you move away!
Pikel hits you with a +2 whip of electrocution!
Your body deteriorates!
You feel clumsy.
Pikel hits you with a +2 whip of electrocution.
You miss Pikel. Pikel hits you but does no damage.
You closely miss Pikel. You kick Pikel, but do no damage.
Pikel hits you with a +2 whip of electrocution.
Throw: 2 darts (curare)
Press: ? - help, Q - select action, (/) - cycle Shift-Dir - straight line, f - Pikel
Aim: Pikel, wielding a +2 whip of electrocution and wearing a +0 robe (fast, 53% to hit)
You throw a curare-tipped dart. The curare-tipped dart hits Pikel.
Pikel is poisoned.
Pikel convulses.
Pikel seems to slow down.
Pikel is moderately wounded.
Pikel hits you but does no damage.
Unknown command.
Unknown command.
You hit Pikel. Your kick misses Pikel.
Pikel is moderately wounded.
Pikel hits you with a +2 whip of electrocution.
You hit Pikel.
Pikel is moderately wounded.
You closely miss Pikel. You kick Pikel, but do no damage.
Your tail-slap misses Pikel.
Pikel is moderately wounded.
Pikel hits you but does no damage.
You hit Pikel but do no damage. You kick Pikel, but do no damage.
Pikel is moderately wounded.
Pikel hits you with a +2 whip of electrocution!
You are electrocuted!!
You feel threatened and lose the ability to read scrolls!
* * * LOW HITPOINT WARNING * * *
It was a potion of cancellation.
You feel magically purged.
You slurp down every last drop of the potion of cancellation!
Pikel hits you with a +2 whip of electrocution!
You die...

#.. #.# ..# .#.#
.. #.#.# #.##
##..#.#
..####..###..##.#
^..../.$......#.#
#......K.....#.#
#.#.###.##.###.###
#.>.55K@...#
########.#.#
#.......[#.#
.#####..#.#
#......#.#
#.####.#.#
#.#....#.#
#.#....#.#
#.####.#.#


You could see Pikel (fast, very poisoned, slow) and 2 lemures.

Vanquished Creatures
  Sigmund (D:3)
  A lemure (D:4)
  Blork the orc (D:4)
  Jessica (D:3)
  Ijyb (D:3)
  4 adders
  3 ball pythons
  An endoplasm (D:1)
  4 giant cockroaches
  4 goblins
  7 hobgoblins
  3 jackals (D:3)
  4 kobolds
  3 bats
  6 frilled lizards
  5 rats
49 creatures vanquished.

Vanquished Creatures (others)
  A hound (D:4)
  2 jellies (D:4)
  An orc priest (D:4)
4 creatures vanquished.

Grand Total: 53 creatures vanquished

Notes
Turn   | Place    | Note
-------+----------+-------------------------------------------
     0 | D:1      | Dadbod the Armataur Brigand began the quest for the Orb.
     0 | D:1      | Reached XP level 1. HP: 18/18 MP: 1/1
   210 | D:1      | Reached XP level 2. HP: 25/25 MP: 2/2
   601 | D:1      | Reached skill level 5 in Stealth
   759 | D:2      | Gained mutation: You occasionally lose the ability to read
                  | scrolls when taking damage. [potion of mutation]
   759 | D:2      | Gained mutation: Your tail ends in a venomous barb. [potion
                  | of mutation]
   759 | D:2      | Gained mutation: Your body sometimes deteriorates upon
                  | taking damage. [potion of mutation]
   759 | D:2      | Gained mutation: You expend magic power (3 MP) to
                  | strengthen your wands. [potion of mutation]
   759 | D:2      | Gained mutation: You have large cloven feet. [potion of
                  | mutation]
   759 | D:2      | Gained mutation: Potions are less effective at restoring
                  | your health. [potion of mutation]
   759 | D:2      | Gained mutation: You have a somewhat thin skeletal
                  | structure. (Dex +2, Stealth+) [potion of mutation]
   881 | D:1      | Reached XP level 3. HP: 9/31 MP: 3/3
  1079 | D:2      | Found a faded altar of an unknown god.
  1175 | D:2      | Prayed at the altar of an unknown god.
  1175 | D:2      | Became a worshipper of Jiyva Jecofiat the Shapeless
  1175 | D:2      | Reached * piety under Jiyva
  1300 | D:2      | Reached XP level 4. HP: 35/38 MP: 4/4
  1607 | D:3      | Reached ** piety under Jiyva
  1732 | D:3      | Noticed Ijyb
  1742 | D:3      | Killed Ijyb
  1743 | D:3      | Reached skill level 1 in Dodging
  1859 | D:3      | Noticed Sigmund
  1881 | D:3      | Killed Sigmund
  1882 | D:3      | Reached skill level 6 in Stealth
  1882 | D:3      | Reached skill level 1 in Evocations
  1882 | D:3      | Reached XP level 5. HP: 21/44 MP: 5/5
  2149 | D:3      | Noticed Jessica
  2166 | D:3      | Killed Jessica
  2167 | D:3      | Reached XP level 6. HP: 47/53 MP: 6/6
  2260 | D:4      | Noticed Blork the orc
  2273 | D:4      | Killed Blork the orc
  2308 | D:4      | Noticed Pikel
  2337 | D:4      | Slain by Pikel

Illustrated notes

Levels and vault maps discovered:
D:1:      minmay_arrival_stair_chambers, layout_loops_ring,
          minmay_small_reverse_x
D:2:      layout_rooms, ebering_ecumenical_altar_abandoned,
          grunt_decor_one_mirror
D:3:      layout_loops_cross, chequers_serial_rivers_micro_c, uniq_ijyb,
          uniq_jessica, uniq_sigmund
D:4:      layout_basic, grunt_dithmenos_smoke, grunt_temple_overflow_open,
          mainiacjoe_overflow_six_doors_small, nicolae_overflow_squiral,
          uniq_blork_the_orc, uniq_grinder, uniq_duvessa, uniq_pikel

Skill      XL: |  1  2  3  4  5  6 |
---------------+-------------------+-----
Short Blades   | 2 3 |  3.3
Fighting       | 2 |  2.7
Stealth        | 5 6 |  6.4
Dodging        | 1 |  1.9
Evocations     | 1 |  1.3
Throwing       | 2 |  2.0
Shields        | |  0.4

Action                     |  1- 3 |  4- 6 || total
---------------------------+-------+-------++-------
  Melee: Dagger            |    73 |    60 ||   133
         Kick              |     7 |    19 ||    26
         Tailslap          |     4 |    10 ||    14
  Throw: Dart              |       |    10 ||    10
    Use: Potion            |     3 |     2 ||     5
         Scroll            |     1 |       ||     1
   Stab: Sleeping          |    10 |     6 ||    16
         Invisible         |       |     1 ||     1
 Armour: Robe              |    22 |    10 ||    32
  Dodge: Dodged            |    29 |    11 ||    40
  Block: Other             |       |    10 ||    10
